 Dungeon Crawl Stone Soup version 0.31.0-4-g52a2dc7128 (webtiles) character file.

Game seed: 11419819510110913526

1754 Kallu the Basher (level 8, -2/67 HPs)
             Began as an Armataur Fighter on Jan 23, 2024.
             Was a Believer of Fedhas.
             Slain by a yak (10 damage)
             ... on level 6 of the Dungeon.
             The game lasted 00:06:17 (5334 turns).

Kallu the Basher (Armataur Fighter)                 Turns: 5334, Time: 00:06:19

Health: -2/67      AC: 12    Str: 23    XL:     8   Next: 78%
Magic:  8/8        EV:  6    Int:  8    God:    Fedhas [**....]
Gold:   366        SH:  0    Dex: 11    Spells: 7/7 levels left

rFire   . . .        a - +0 flail
rCold   . . .        (no shield)
rNeg    . . .        z - +0 chain mail
rPois   .            (no helmet)
rElec   .            u - +0 cloak
rCorr   .            q - +2 pair of gloves
SInv    .            (no barding)
Will    .....        (no amulet) Stlth
                     (no ring)
HPRegen 0.31/turn    (no ring)
MPRegen 0.11/turn

%: roll
@: no status effects
A: large, deformed body, tough skin 3, armoured tail, roll 2
a: Renounce Religion, Wall of Briars


You were on level 6 of the Dungeon.
You worshipped Fedhas.
Fedhas was pleased with you.
You visited 1 branch of the dungeon, and saw 6 of its levels.

You collected 366 gold pieces.

Inventory:

Hand Weapons
 a - a +0 flail (weapon)
Missiles
 j - 12 boomerangs (quivered)
Armour
 c - a +0 buckler
 q - a +2 pair of gloves (worn)
 u - a +0 cloak (worn)
 z - a +0 chain mail (worn)
Jewellery
 g - an amulet of reflection
 m - a ring of ice
 C - a ring of positive energy
 F - a ring of protection from cold
Wands
 r - a wand of roots (6)
 A - a wand of polymorph (9)
Scrolls
 f - 3 scrolls of immolation {unknown}
 h - 3 scrolls of teleportation {unknown}
 k - 5 scrolls of identify {unknown}
 s - a scroll of blinking {unknown}
 v - 2 scrolls of noise {unknown}
 x - 2 scrolls of fear {unknown}
 y - 2 scrolls of revelation {unknown}
 D - a scroll of acquirement {unknown}
 E - 3 scrolls of poison {unknown}
Potions
 b - a potion of degeneration {unknown}
 d - a potion of might
 e - 2 potions of brilliance
 i - a potion of attraction {unknown}
 l - 2 potions of curing
 n - a potion of enlightenment {unknown}
 o - a potion of resistance {unknown}
 p - a potion of heal wounds {unknown}
 t - a potion of invisibility {unknown}
 w - a potion of cancellation {unknown}
 B - a potion of berserk rage {unknown}


   Skills:
 - Level 4.4 Fighting
 * Level 9.9 Maces & Flails
 - Level 3.6 Armour
 - Level 3.2 Shields


You had 7 spell levels left.
You didn't know any spells.
Your spell library contained the following spells:

 Spells                   Type           Power      Damage    Failure   Level
 Apportation              Tloc           0%         N/A       95%         1
 Kiss of Death            Conj/Necr      0%         2d5       95%         1
 Summon Small Mammal      Summ           0%         N/A       95%         1
 Ensorcelled Hibernation  Hex/Ice        0%         N/A       98%         2
 Passwall                 Erth           0%         N/A       100%        3
 Swiftness                Air            0%         N/A       100%        3
 Vhi's Electric Charge    Tloc/Air       0%         N/A       100%        4
 Arcjolt                  Conj/Air       0%         1d10      100%        5
 Maxwell's Capacitive Co  Air            0%         ∞         100%        8


Dungeon Overview and Level Annotations

Branches:
Dungeon (6/15)             Temple (0/1) D:4

Altars:
Fedhas
Okawaru
The Shining One

Shops:
D:1 [

Annotations:
D:3 2 transporters, Valeaz's ghost, amateur GnEE
D:6 4 runed translucent doors


Innate Abilities, Weirdness & Mutations

Armour fits poorly on your strangely shaped body.
You have extremely tough skin. (AC +3)
You have a long armoured tail.
You regenerate magic and health when rolling toward enemies. (Rampage Regen)


Message History

You hit the yak but do no damage.
The yak is moderately wounded.
The yak closely misses you.
You hit the yak but do no damage. You tail-slap the yak.
The yak is moderately wounded.
The yak gores you but does no damage.
You closely miss the yak.
The yak is moderately wounded.
The yak gores you but does no damage.
You sock the yak!
The yak is heavily wounded.
The yak closely misses you.
You barely miss the yak.
The yak is heavily wounded.
The yak barely misses you.
You barely miss the yak.
The yak is heavily wounded.
The yak barely misses you.
You hit the yak.
You tail-slap the yak, but do no damage.
The yak is severely wounded.
You hit the yak.
The yak is severely wounded.
The yak gores you but does no damage.
You closely miss the yak. You tail-slap the yak.
The yak is severely wounded.
The yak gores you!
* * * LOW HITPOINT WARNING * * *
You hit the yak but do no damage.
The yak is severely wounded.
The yak gores you but does no damage.
Unknown command.
Aiming: Fastroot
Press: ? - help, Shift-Dir - straight line, f - yak
Aim: a yak (severely wounded)
The roots erupt in riotous growth!
Roots grab the yak.
The grasping roots constrict the yak.
The yak gores you!
You die...
Fedhas appreciates your contribution to the ecosystem.

#..###.#.#(#.##### ###.#.#
###....##.#.#.....####...#.###
..######..#<####.....'...#...#
............#
#..####...###.###
.###.########
#....###........#. .....#
#.##.# #.####...#. ####.#
#.##.# #.#........ #.# ######
#.##.# #.#.####.#. #.# ≈≈≈≈≈≈#
#@##.# #.#......#. #.# ≈....≈≈
#Y##.# #.####...# #.#
#Y.≈##†##.# #. ......# #.#
#YY'..##.# ####.#.# #Y≈#.[##.#
..#.# #..≈#..# ####.#
.§§≈≈#### #.# ≈≈≈§≈≈# #.# ##
###


You could see a yak (rooted).

Vanquished Creatures
  A wraith (D:6)
  4 yaks (D:6)
  2 black bears
  An ice beast (D:5)
  A sky beast (D:5)
  A centaur (D:6)
  An ogre (D:5)
  2 scorpions (D:5)
  A howler monkey (D:5)
  2 hounds (D:4)
  An orc priest (D:6)
  3 iguanas
  3 orc wizards
  4 adders
  A white imp (D:5)
  2 ribbon worms (D:2)
  5 dart slugs
  8 orcs
  3 endoplasms
  4 giant cockroaches
  5 goblins
  6 hobgoblins
  6 jackals
  2 quokkas
  3 ball pythons
  4 bats (D:2)
  A frilled lizard (D:1)
  4 kobolds
  7 rats
88 creatures vanquished.

Notes
Turn   | Place    | Note
-------+----------+-------------------------------------------
     0 | D:1      | Kallu the Armataur Fighter began the quest for the Orb.
     0 | D:1      | Reached XP level 1. HP: 18/18 MP: 1/1
    70 | D:1      | Reached skill level 2 in Maces & Flails
   208 | D:1      | Found Eviudano's Armour Emporium.
   212 | D:1      | Reached XP level 2. HP: 23/25 MP: 2/2
   782 | D:1      | You fall into a shaft and drop 1 floor!
   876 | D:1      | Reached skill level 3 in Maces & Flails
  1194 | D:2      | Reached XP level 3. HP: 25/30 MP: 3/3
  1494 | D:2      | Found a faded altar of an unknown god.
  1749 | D:2      | Prayed at the altar of an unknown god.
  1749 | D:2      | Became a worshipper of Fedhas Madash
  1749 | D:2      | Reached * piety under Fedhas
  2035 | D:3      | Reached XP level 4. HP: 33/37 MP: 4/4
  2150 | D:3      | Found a transporter.
  2151 | D:3      | Noticed Valeaz's ghost (amateur GnEE)
  2165 | D:3      | Found a transporter.
  2563 | D:4      | Found an iron altar of Okawaru.
  2588 | D:4      | Found a staircase to the Ecumenical Temple.
  2660 | D:4      | Reached skill level 4 in Maces & Flails
  2732 | D:4      | Reached XP level 5. HP: 15/45 MP: 5/5
  3051 | D:4      | Got Qyneshuj's Mind of the Magus, Part One
  3209 | D:5      | Entered Level 5 of the Dungeon
  3210 | D:5      | Noticed an ice beast
  3266 | D:5      | Reached ** piety under Fedhas
  3296 | D:5      | Found a glowing golden altar of the Shining One.
  3781 | D:5      | Noticed a sky beast
  3816 | D:5      | Killed an ice beast
  3817 | D:5      | Reached skill level 5 in Maces & Flails
  3817 | D:5      | Reached XP level 6. HP: 47/53 MP: 6/6
  4433 | D:5      | Reached skill level 6 in Maces & Flails
  4433 | D:5      | Gained mutation: You regenerate magic and health when
                  | rolling toward enemies. (Rampage Regen) [Armataur growth]
  4433 | D:5      | Reached XP level 7. HP: 28/60 MP: 7/7
  4449 | D:5      | HP: 3/60 [ogre/+0 giant club (11)]
  4788 | D:5      | Reached skill level 7 in Maces & Flails
  4868 | D:6      | Found a large runed translucent door.
  4868 | D:6      | Found a large runed translucent door.
  4875 | D:6      | Noticed a boulder beetle
  4875 | D:6      | Noticed a cyclops
  4924 | D:6      | Found a large runed translucent door.
  4925 | D:6      | Found a large runed translucent door.
  4982 | D:6      | Noticed a wraith
  4994 | D:6      | Killed a wraith
  4995 | D:6      | Reached skill level 8 in Maces & Flails
  4995 | D:6      | Reached XP level 8. HP: 18/67 MP: 8/8
  5301 | D:6      | Reached skill level 9 in Maces & Flails
  5334 | D:6      | Slain by a yak

Illustrated notes

Levels and vault maps discovered:
D:1:      lemuel_arrival_funnel, layout_loops_ring, serial_shops, shop,
          roderic_lattice_a, hangedman_glass_teeth
D:2:      layout_rooms, shapermc_ecumenical_altar_petra
D:3:      layout_basic, gammafunk_ghost_stat_death
D:4:      layout_rooms, okawaru_trees_2, minmay_temple_entry_steel_oval,
          minmay_misc_feat_rugged
D:5:      layout_basic, tso_metal_star
D:6:      layout_basic, kennysheep_another_room,
          eino_small_chamber_without_monster, minmay_hollow_rounded_squares

Skill      XL: |  1  2  3  4  5  6  7  8 |
---------------+-------------------------+-----
Maces & Flails | 2 3 4 5 6 8 9 |  9.9
Fighting       | 3 4 |  4.4
Armour         | |  3.6
Shields        | |  3.2

Action                     |  1- 3 |  4- 6 |  7- 9 || total
---------------------------+-------+-------+-------++-------
  Melee: Flail             |   121 |   130 |   102 ||   353
         Tailslap          |     8 |    16 |    14 ||    38
         Punch             |       |     1 |     2 ||     3
  Throw: Boomerang         |       |     2 |       ||     2
  Evoke: Wand              |       |       |     1 ||     1
    Use: Potion            |       |       |     3 ||     3
 Armour: Scale mail        |    95 |    80 |       ||   175
         Chain mail        |       |    44 |    90 ||   134
  Dodge: Dodged            |    43 |    38 |    30 ||   111
  Block: Buckler           |    19 |    11 |       ||    30
